cohdb
Replays
Latest Replays
All Replays
Popular Replays
Top Player Replays
Match Explorer
How It Works
Community
CoH3 Stats
Reddit
Sign in to upload your games and track your stats! →
Sign in with Steam
Match 25552843
Unlisted
Match 25552843
Overview
Messages
Build Orders
End
Construct Section Command Post
Infantry Section
Infantry Section
Vickers Machine Gun Team
Infantry Section
Construct Platoon Command Post
Selects Indian Artillery Battlegroup
Selects Towed ML 4.2-inch Heavy Mortar
Towed ML 4.2-inch Heavy Mortar
Construct Platoon Command Post
6-pounder Anti-tank Gun Team
Selects Valour
Selects Gurkha Rifles Section
Royal Engineer Section
Construct Company Command Post
Matilda II Heavy Tank
Selects Volunteer Infantry
Matilda II Heavy Tank
Royal Engineer Section
Royal Engineer Section
Matilda II Heavy Tank
Matilda II Heavy Tank
Selects Off-map Airburst Barrage
Royal Engineer Section
Matilda II Heavy Tank
Off-map Airburst Barrage
Royal Engineer Section
Off-map Airburst Barrage
Armored Vehicle Training
ConcernedApe
锈刹K
Liet
Gendalf
0
0
Comments
sign in to comment!
No comments posted yet!